 Dungeon Crawl Stone Soup version 0.17.1-1-g73c8601 (webtiles) character file.

577 shmeve the Skirmisher (level 7, 52/61 HPs)
             Began as a Yellow Draconian Berserker on Apr 21, 2016.
             Was a Priest of Trog.
             Quit the game on level 4 of the Dungeon.
             The game lasted 00:08:06 (3686 turns).

shmeve the Skirmisher (Yellow Draconian Berserker)  Turns: 3686, Time: 00:08:07

Health: 52/61      AC:  6    Str: 22    XL:     7   Next: 13%
Magic:  7/7        EV: 15    Int:  7    God:    Trog [***...]
Gold:   236        SH:  0    Dex: 10    Spells: 0 memorised, 6 levels left

rFire  . . .     SeeInvis +     v - +0 hand axe (flame)
rCold  . . .     Clarity  .     (armour unavailable)
rNeg   + . .     SustAt   .     (no shield)
rPois  .         Gourm    .     (helmet restricted)
rElec  .         Spirit   .     (no cloak)
rCorr  +         Warding  +     (no gloves)
rMut   .         Stasis   .     (no boots)
MR     .....                    l - amulet of warding
Stlth  ++........               n - ring of see invisible
                                k - +2 ring of evasion

@: not resistant to hostile enchantments, unstealthy
A: spit acid, acid resistance, unfitting armour, cold-blooded, AC +6
a: Spit Acid, Berserk, Trog's Hand, Burn Spellbooks, Renounce Religion


You were on level 4 of the Dungeon.
You worshipped Trog.
Trog was most pleased with you.
You were very hungry.

You visited 1 branch of the dungeon, and saw 4 of its levels.

You collected 236 gold pieces.

Inventory:

Hand Weapons
 v - a +0 hand axe of flaming (weapon)
Jewellery
 k - a +2 ring of evasion (left hand)
 l - an amulet of warding (around neck)
 n - a ring of see invisible (right hand)
Scrolls
 d - 3 scrolls of enchant armour {unknown}
 g - a scroll of recharging {unknown}
 j - 7 scrolls of identify {unknown}
 m - 4 scrolls of remove curse {unknown}
 o - 2 scrolls of fear {unknown}
 p - 3 scrolls of teleportation {unknown}
Potions
 a - a potion of cure mutation {unknown}
 c - a potion of agility {unknown}
 e - 4 potions of curing
 f - 2 potions of lignification {unknown}
 i - a potion of brilliance {unknown}
 r - 2 potions of poison {unknown}
 u - a potion of ambrosia {unknown}
Comestibles
 b - 2 bread rations
 h - 5 fruits
 q - 2 meat rations
 s - a slice of pizza


   Skills:
 * Level 5.6 Fighting
 * Level 5.1 Axes
 * Level 4.4 Dodging
 + Level 2.4 Stealth


You had 6 spell levels left.
You didn't know any spells.

Dungeon Overview and Level Annotations

Branches:
Dungeon (4/15)
 Temple: D:4-7

Altars:
Ashenzari
Dithmenos
Fedhas
Sif Muna


Innate Abilities, Weirdness & Mutations

You can spit globs of acid.
You are resistant to acid.
Your golden yellow scales are hard (AC +6).
Your body does not fit into most forms of armour.
You are cold-blooded and may be slowed by cold attacks.


Message History

You feel sick.
You feel sick.
You feel sick.
You feel sick.
An adder comes into view.
An adder is nearby!
The adder bites you but does no damage.
You hit the adder. You burn the adder.
You kill the adder!
Trog accepts your kill.
You feel sick.
You see here an adder corpse.
You feel sick.
You feel sick.
You feel sick.
You are no longer poisoned.
There is an open door here.
There is an open door here.
You are feeling very hungry.
Are you sure you want to abandon this character and quit the game? (Confirm with "yes".)

#######.## ##.........
#...†...# #........##
#.#####.# ##.......#
#.#.. ..# ##......#
#.#.# #.# #.######
#.#.###.# #.# #.......#
##'## ###.##### ##...##
##....@..# ##.....##
#........###.......##
#..#...#.##.........###
#.........'.........'.#
#..#...#.##.........###
#........###........##.
##.#.###.# ##.....#.#..
#.#.###.# ##...##....
#.......# ##'#####..


There were no monsters in sight!

Vanquished Creatures
  A phantom (D:4)
  The ghost of Diabl0658 the Conjurer, an amateur OpCj (D:3)
  A crimson imp (D:3)
  2 orc priests (D:3)
  2 hounds
  An orc wizard (D:4)
  2 worker ants (D:4)
  10 adders
  2 oozes
  4 worms
  3 giant geckos
  15 orcs
  8 bats
  2 giant cockroaches
  13 goblins
  9 hobgoblins
  A kobold (D:2)
  3 giant newts (D:1)
  3 quokkas
  A quokka skeleton (D:4)
  2 rats (D:3)
86 creatures vanquished.

Notes
Turn   | Place    | Note
--------------------------------------------------------------
     0 | D:1      | shmeve the Draconian Berserker began the quest for the Orb.
     0 | D:1      | Reached XP level 1. HP: 19/19 MP: 1/1
   163 | D:1      | Reached XP level 2. HP: 23/26 MP: 2/2
   877 | D:2      | Reached XP level 3. HP: 31/33 MP: 3/3
  1052 | D:2      | Found a blossoming altar of Fedhas.
  1152 | D:2      | Reached skill level 4 in Fighting
  1301 | D:2      | Reached ** piety under Trog
  1365 | D:2      | Reached XP level 4. HP: 21/40 MP: 4/4
  1788 | D:2      | Reached skill level 1 in Stealth
  2172 | D:3      | Noticed Diabl0658's ghost (amateur OpCj)
  2180 | D:3      | Killed Diabl0658's ghost
  2180 | D:3      | Reached XP level 5. HP: 47/47 MP: 5/5
  2582 | D:3      | Reached XP level 6. HP: 55/55 MP: 6/6
  2606 | D:3      | Reached skill level 5 in Fighting
  3383 | D:4      | Reached *** piety under Trog
  3383 | D:4      | Reached skill level 5 in Axes
  3391 | D:4      | Your scales start taking on a golden yellow colour.
  3391 | D:4      | Reached XP level 7. HP: 51/61 MP: 7/7
  3479 | D:4      | Found a shattered altar of Ashenzari.
  3479 | D:4      | Found a shadowy altar of Dithmenos.
  3532 | D:4      | Found a deep blue altar of Sif Muna.
  3686 | D:4      | Quit the game

Action                   |  1- 3 |  4- 6 |  7- 9 || total
-------------------------+-------+-------+-------++-------
Melee: Hand axe          |    92 |   206 |    23 ||   321
Invok: Berserk           |     1 |     2 |       ||     3
       Trog's Hand       |       |     2 |       ||     2
 Abil: Spit Acid         |       |       |     2 ||     2
 Stab: Sleeping          |     2 |     2 |       ||     4
  Eat: Chunk             |     3 |     8 |     1 ||    12
